AoeStats
← TheBlo0dy

Arabia

510110404Analyzed
1v1 RM · 2d ago on Sep 29, 2026· 40m 35s· 2 players
Game mode
Random Map
Map size
Tiny (2 player)
Population
200
Speed
Normal
Resources
Standard
Victory
Conquest
Starting age
Dark Age
Ending age
Imperial Age
RankedLock teamsTeams togetherTeam positionsShared explorationLock speedFull tech treeHidden civsTurbo modeCheats
Victory
Defeat
🇫🇷 Khmer · France
759
+15
🇫🇷 Lithuanians · France
729
-15
TheBlo0dy
2:37 Loom
12:07 Feudal Age
13:39 Double-Bit Axe
17:21 Fletching
17:32 Padded Archer Armor
18:38 Bloodlines
18:37 Scale Barding Armor
18:24 Horse Collar
19:21 Town Watch
21:35 Wheelbarrow
24:10 Castle Age
24:55 Husbandry
25:01 Bodkin Arrow
28:27 Wheelbarrow
27:50 Crossbowman
27:58 Crossbowman
35:39 Tusk Swords
Pia-Pia
7:06 Loom
10:10 Feudal Age
10:40 Double-Bit Axe
12:30 Horse Collar
15:03 Bloodlines
16:03 Forging
16:29 Town Watch
17:41 Gold Mining
21:46 Castle Age
19:56 Fletching
21:00 Stone Mining
21:33 Padded Archer Armor
23:13 Bow Saw
24:35 Bow Saw
24:38 Husbandry
28:28 Scale Barding Armor
29:18 Stone Shaft Mining
30:28 Elite Skirmisher
31:15 Thumb Ring
40:37 Ballistics
Connection lost

Rejoining the realm…

Still unreachable

The connection could not be restored.

Session expired

The server has moved on; the page needs a fresh start.